 Dungeon Crawl Stone Soup version 0.31-a0-569-g7ea453304b (webtiles) character file.

Game seed: 13009221414879353563

12492 Ethylacetat the Mimic (level 11, -6/7 HPs)
             Began as an Octopode Gladiator on Aug 18, 2023.
             Was an Initiate of Gozag.
             Killed by divine providence
             ... invoked by an orc priest
              (9 damage)
             ... on level 12 of the Dungeon.
             The game lasted 00:48:02 (9027 turns).

Ethylacetat the Mimic (Octopode Gladiator)          Turns: 9027, Time: 00:48:03

Health: -6/7       AC: 19    Str: 13    XL:     11   Next: 94%
Magic:  0/20       EV: 37    Int: 10    God:    Gozag
Gold:   662        SH:  0    Dex: 19    Spells: 22/22 levels left

rFire   + .          .
                       - Unarmed
rCold   + + .        (shield currently unavailable)
rNeg    . . .        a - melded +1 hat
rPois   ∞            F - amulet of guardian spirit
rElec   +            z - ring of protection from cold
rCorr   .            B - ring of protection from fire
SInv    .            C - +4 ring of protection
Will    +....        I - ring of protection from cold
Stlth   ++           J - ring of willpower
HPRegen 0.21/turn    (no ring)
MPRegen 0.17/turn    (no ring)
                     (no ring)

%: guardian spirit
@: about to teleport, storm-form, gold aura, blinkbolt cooldown, flying,
studying Shields
A: cleaving, insubstantial, flying, reduced hp, almost no armour, amphibious, 8
rings, (camouflage 1), (gelatinous body 1), (nimble swimmer 1), (tentacles)
a: Blinkbolt, Begin Untransformation, Renounce Religion, Potion Petition, Call
Merchant, Bribe Branch


You were on level 12 of the Dungeon.
You worshipped Gozag.
Gozag was pleased with you.
You were a lightning-filled tempest!
You visited 2 branches of the dungeon, and saw 14 of its levels.
You also visited: Bailey.

You collected 858 gold pieces.
You paid 196 gold pieces to Gozag.

Inventory:

Missiles
 b - 2 throwing nets
 c - 6 javelins
Armour
 a - a +1 hat (melded)
Jewellery
 l - an amulet of regeneration
 z - a ring of protection from cold (left tentacle)
 B - a ring of protection from fire (right tentacle)
 C - a +4 ring of protection (on tentacle)
 F - an amulet of guardian spirit (around neck)
 I - a ring of protection from cold (on tentacle)
 J - a ring of willpower (on tentacle)
Talismans
 n - a storm talisman (active)
Wands
 v - a wand of flame (19) (quivered)
 E - a wand of polymorph (6)
Scrolls
 d - 3 scrolls of enchant weapon
 g - 3 scrolls of teleportation
 i - 2 scrolls of fear {unknown}
 j - 3 scrolls of amnesia
 m - 2 scrolls of fog
 p - a scroll of brand weapon {unknown}
 q - 3 scrolls of blinking
 x - a scroll of poison {unknown}
 y - a scroll of vulnerability {unknown}
 A - 3 scrolls of immolation
 D - a scroll of acquirement
 G - a scroll of butterflies
 H - a scroll of enchant armour
 K - a scroll of identify
Potions
 e - a potion of curing
 f - a potion of magic {unknown}
 h - 2 potions of brilliance
 k - 6 potions of lignification
 o - a potion of enlightenment {unknown}
 r - 2 potions of invisibility
 s - 4 potions of might
 t - a potion of mutation {unknown}
 u - 3 potions of attraction
 w - a potion of heal wounds


   Skills:
 + Level 8.0 Fighting
 - Level 2.0 Throwing
 - Level 7.6 Dodging
 - Level 7.6 Unarmed Combat
 + Level 6.3 Spellcasting
 * Level 10.2 Shapeshifting


You had 22 spell levels left.
You didn't know any spells.
Your spell library contained the following spells:

 Spells                   Type           Power      Damage    Failure   Level
 Cigotuvi's Dreadful Rot  Necr/Pois/Air  6%         N/A       30%         2
 Poisonous Vapours        Pois/Air       6%         N/A       30%         2
 Ignite Poison            Fire/Tmut/Pois 3%         N/A       52%         3
 Mephitic Cloud           Conj/Pois/Air  3%         N/A       52%         3
 Sticky Flame             Conj/Fire      3%         2d3       90%         4
 Freezing Cloud           Conj/Ice/Air   1%         6-21      99%         5
 Ignition                 Fire           1%         3d3       100%        8


Dungeon Overview and Level Annotations

Branches:
Dungeon (13/15)            Temple (1/1) D:7            Lair (0/5) D:9
    Orc (0/2) D:9          Bailey (visited)
 Vaults: D:13-14

Altars:
Ashenzari
Cheibriados
Dithmenos
Elyvilon
Fedhas
Gozag
Hepliaklqana
Kikubaaqudgha
Makhleb
Nemelex Xobeh
Okawaru
Qazlal
Ru
Sif Muna
Trog
Uskayaw
Vehumet
Wu Jian
Xom
Yredelemnul
Zin
The Shining One

Shops:
D:7 **!   D:12 !


Innate Abilities, Weirdness & Mutations

You are a lightning-filled tempest!
Your electrical attacks strike out in all directions at once.
You are incredibly evasive.
Your insubstantial body is immune to petrification, constriction, and being set on fire You are flying.
Your maximum health is decreased, since you lack skill for your form.
Your armour is entirely melded.
You are incapable of wielding weapons or throwing items.
You cannot wear most types of armour.
You are amphibious.
You can wear up to eight rings at the same time.
You are immune to poison.
((Your skin changes colour to match your surroundings (Stealth+).))
((Your rubbery body absorbs attacks. (AC +1, EV +1)))
((You are camouflaged when in or above water. (Stealth+)))
((You have tentacles for arms and can constrict up to eight enemies at once.))


Message History

The slime creature completely misses you.
You hit the slime creature.
Lightning courses through the slime creature!
You kill the slime creature!
Your Fighting skill increases to level 8!
An orc priest comes into view. It is wielding a +0 trident.
You see here 8 gold pieces.
An orc and 2 slime creatures come into view.
The orc is wielding a +2 mace of draining.
The orc shouts!
The slime creature quivers.
An orc wizard comes into view. It is wielding a +0 dagger of speed.
A slime creature merges with something you can't see.
The orc priest casts a cantrip, but nothing happens.
You see here 7 gold pieces.
Aiming: Blinkbolt
Press: ? - help, Dir - move target
Okay, then.
The orc wizard gestures at you while chanting.
The magic dart hits you.
The orc priest invokes the aid of Beogh against you.
Beogh smites you!
Ouch! That really hurt!
Aiming: Blinkbolt
Press: ? - help, Dir - move target, f - orc priest
Aim: an orc priest, wielding a +0 trident and wearing a +0 chain mail (94% to hit)
The shock of your passage hits the orc priest!
The orc priest is heavily wounded.
You blink. 4 slime creatures come into view.
Found a stone staircase leading up.
The large slime creature quivers.
The slime creature quivers. x2
The orc priest completely misses you.
As you read the scroll of teleportation, it crumbles to dust.
You feel strangely unstable.
The orc priest mumbles some strange prayers to Beogh against you.
Beogh smites you!
Ouch! That really hurt!
You die...
Your body crumbles into a pile of gold.

#.%........# ##.J♣
#...#......# ...J.
#.....^....#
#...<...#####...........
..JJ...........>......#
♣Jo.♣######.##...#####
..oJ## ##...........
######oo####.....#)#####
.......v[.$.............
..........$......#.#####
.................#.#
..........∩.§....#.#
.............###.#.#
.............# #.#.#
############..# #.# ##.#
..


You could see 2 large slime creatures, 4 slime creatures, an orc priest, an orc
wizard and 2 orcs.

Vanquished Creatures
  An orc warlord (Bailey)
  Erolcha (D:13)
  A boulder beetle (D:13)
  A deep elf pyromancer (D:13)
  An ugly thing (D:11)
  2 gargoyles
  A komodo dragon (D:13)
  A troll (D:9)
  A hornet (D:9)
  2 slime creatures (D:12)
  15 yaks
  A shadow (D:10)
  A wyvern (D:10)
  3 wraiths
  A basilisk (Bailey)
  2 steam dragons (D:8)
  Menkaure (D:7)
  An acid dragon (D:10)
  10 orc warriors (Bailey)
  An ice beast (D:8)
  2 sky beasts
  2 black bears
  2 ogres
  2 wolves (D:9)
  A centaur (D:6)
  3 kobold brigands
  3 gnoll sergeants
  A bullfrog (D:7)
  2 scorpions (D:5)
  12 wights
  3 killer bees (D:8)
  2 electric eels (D:9)
  5 howler monkeys
  A jelly (D:6)
  10 hounds
  A gnoll bouda (D:10)
  6 orc priests
  2 sleepcaps
  6 iguanas
  4 orc wizards
  6 adders
  25 gnolls
  3 shadow imps
  2 white imps
  An ufetubus (D:4)
  5 worms
  2 dart slugs (D:1)
  34 orcs
  8 ball pythons
  6 bats
  6 endoplasms
  2 giant cockroaches
  15 goblins
  14 hobgoblins
  8 jackals
  22 kobolds
  3 quokkas
  6 frilled lizards
  9 rats
295 creatures vanquished.

Vanquished Creatures (others)
  An orc (D:8)
1 creature vanquished.

Grand Total: 296 creatures vanquished

Notes
Turn   | Place    | Note
-------+----------+-------------------------------------------
     0 | D:1      | Ethylacetat the Octopode Gladiator began the quest for the
                  | Orb.
     0 | D:1      | Reached XP level 1. HP: 14/14 MP: 1/1
    54 | D:1      | Reached XP level 2. HP: 11/19 MP: 2/2
   396 | D:1      | Reached XP level 3. HP: 20/25 MP: 3/3
  1301 | D:2      | Reached XP level 4. HP: 30/30 MP: 4/4
  2074 | D:3      | Reached skill level 1 in Shapeshifting
  2393 | D:4      | Reached XP level 5. HP: 36/36 MP: 5/5
  2657 | D:4      | Reached skill level 2 in Shapeshifting
  2722 | D:4      | Reached XP level 6. HP: 42/42 MP: 6/6
  3031 | D:5      | Entered Level 5 of the Dungeon
  3234 | D:5      | Reached XP level 7. HP: 47/47 MP: 7/7
  3245 | D:5      | Reached skill level 3 in Shapeshifting
  4038 | D:5      | Reached skill level 5 in Unarmed Combat
  4042 | D:5      | Reached skill level 5 in Dodging
  4054 | D:5      | Reached skill level 4 in Shapeshifting
  4054 | D:5      | Reached XP level 8. HP: 53/54 MP: 8/8
  4388 | D:6      | Found a glowing golden altar of the Shining One.
  4467 | D:6      | Found an ancient bone altar of Kikubaaqudgha.
  4924 | D:7      | Reached skill level 5 in Fighting
  5015 | D:7      | Reached skill level 5 in Shapeshifting
  5191 | D:7      | Found Ceyfadgh's Distillery.
  5229 | D:7      | Noticed Menkaure
  5237 | D:7      | Killed Menkaure
  5266 | D:7      | Reached XP level 9. HP: 60/61 MP: 9/9
  5271 | D:7      | Found Zegh's Assorted Antiques.
  5563 | D:7      | Found Uroejas's Assorted Antiques.
  5725 | D:7      | Found a staircase to the Ecumenical Temple.
  5734 | Temple   | Entered the Ecumenical Temple
  6043 | D:8      | Found a flagged portal.
  6072 | D:8      | Reached skill level 6 in Shapeshifting
  6089 | Bailey   | Entered a bailey
  6398 | Bailey   | HP: 2/63 [gnoll/+0 hand axe (9)]
  6483 | Bailey   | Noticed an orc warlord
  6494 | Bailey   | Reached skill level 7 in Shapeshifting
  6494 | Bailey   | Reached XP level 10. HP: 69/69 MP: 10/10
  6498 | Bailey   | Killed an orc warlord
  6525 | Bailey   | Identified the +0 demon trident of Wetibb {vamp, Fly rF+
                  | Str-4}
  6975 | D:8      | Reached skill level 1 in Spellcasting
  6975 | D:8      | Reached skill level 8 in Shapeshifting
  7173 | D:8      | Found a basalt altar of Yredelemnul.
  7496 | D:9      | Reached XP level 11. HP: 6/75 MP: 13/16
  7634 | D:9      | Reached skill level 9 in Shapeshifting
  7713 | D:9      | Found a staircase to the Lair.
  7887 | D:9      | Found a staircase to the Orcish Mines.
  7924 | D:9      | Found an ornate altar of the Wu Jian Council.
  7924 | D:9      | Found an iron altar of Okawaru.
  7926 | D:9      | Found a bloodstained altar of Trog.
  7927 | D:9      | Found a stormy altar of Qazlal.
  8009 | D:10     | Entered Level 10 of the Dungeon
  8181 | D:10     | Reached skill level 5 in Spellcasting
  8219 | D:10     | Found an opulent altar of Gozag.
  8219 | D:10     | Found a sparkling altar of Nemelex Xobeh.
  8225 | D:10     | Became a worshipper of Gozag Ym Sagoz the Greedy
  8558 | D:10     | Found a snail-covered altar of Cheibriados.
  8562 | D:10     | Found a radiant altar of Vehumet.
  8785 | D:11     | Noticed a brown ugly thing
  8791 | D:11     | Killed a brown ugly thing
  8821 | D:11     | You are sucked into a shaft and drop 2 floors!
  8827 | D:13     | Noticed a boulder beetle
  8831 | D:13     | Noticed Erolcha
  8842 | D:13     | Killed a boulder beetle
  8862 | D:13     | Killed Erolcha
  8928 | D:13     | Reached skill level 10 in Shapeshifting
  8962 | D:13     | Noticed a deep elf pyromancer
  8973 | D:13     | Killed a deep elf pyromancer
  9000 | D:12     | Found Pomenass's Distillery.
  9027 | D:12     | Killed from afar by an orc priest

Illustrated notes

Levels and vault maps discovered:
D:1:      dpeg_arrival_orchard, layout_basic
D:2:      layout_basic
D:3:      layout_basic
D:4:      layout_basic, chequers_serial_rivers_small_a,
          minmay_misc_feat_enclosed
D:5:      minmay_recursive_quarters, layout_cave_pods
D:6:      layout_loops_ring, mainiacjoe_overflow_alcove_2, tso_metal_star
D:7:      layout_loops_corners, minmay_temple_entry_antechambers, serial_shops,
          shop, shop, shop, uniq_menkaure
D:8:      layout_loops_corners, mainiacjoe_overflow_catwalk, enter_bailey_2
D:9:      layout_cave_pools, mainiacjoe_overflow_alcove_3, erik_lair_island,
          orc_0_dummy
D:10:     layout_irregular_city, grunt_temple_overflow_opulence, minitemple,
          chequers_jeans
D:11:     layout_irregular_city, gauntlet_entry_generic
D:12:     layout_basic, serial_shops, shop, grunt_ministairs_1,
          guppyfry_shop_venom
D:13:     layout_basic, uniq_erolcha
Temple:   minmay_temple_curvy_loop

Skill      XL: |  1  2  3  4  5  6  7  8  9 10 11 |
---------------+----------------------------------+-----
Fighting       | 3 4 5 6 7 8 |  8.0
Shapeshifting  | 1 2 4 5 7 8 10 | 10.2
Dodging        | 4 5 6 7 |  7.6
Unarmed Combat | 4 5 7 |  7.6
Spellcasting   | 3 6 |  6.3
Throwing       | |  2.0

Action                     |  1- 3 |  4- 6 |  7- 9 | 10-12 || total
---------------------------+-------+-------+-------+-------++-------
  Melee: Unarmed           |    73 |   150 |   346 |   183 ||   752
         Constrict         |    20 |    38 |    79 |     3 ||   140
         Tentacles         |    18 |    35 |   109 |    18 ||   180
         Punch             |     1 |    10 |    21 |    13 ||    45
  Throw: Throwing net      |       |       |     2 |       ||     2
         Javelin           |       |       |     2 |     6 ||     8
Ability: Blinkbolt         |       |       |       |    25 ||    25
  Evoke: Wand              |       |     4 |    24 |    10 ||    38
    Use: Potion            |       |     2 |     4 |       ||     6
         Scroll            |       |       |     7 |     8 ||    15
   Stab: Sleeping          |    17 |     7 |     4 |     1 ||    29
         Invisible         |       |       |     1 |       ||     1
 Armour: Skin              |     3 |     6 |    23 |    18 ||    50
  Dodge: Dodged            |    33 |    80 |   220 |   140 ||   473
   Form: Storm             |       |       |       |     1 ||     1

Table legend: (Time is in decaauts)
 A = Elapsed time spent in this place.
 B = Non-inter-level travel time spent in this place.
 C = Inter-level travel time spent in this place.
 D = Time resting spent in this place.
 E = Time spent auto-exploring this place.
 F = Levels seen in this place.
 G = Mean time per level.
                   A        B        C        D        E       F      G
               +--------+--------+--------+--------+--------+-----+--------+
         Total |   8948 |   8653 |    295 |    215 |   5908 |  15 |  596.5 |
       Dungeon |   8482 |   8187 |    295 |    140 |   5908 |  13 |  652.5 |
        Temple |      1 |      1 |      0 |      0 |      0 |   1 |    1.0 |
        Bailey |    463 |    463 |      0 |     75 |      0 |   1 |  463.0 |
               +--------+--------+--------+--------+--------+-----+--------+

Top non-repeatable levels by time:
     D:5: 1097 daAuts
     D:8: 1093 daAuts
     D:7: 989 daAuts
     D:2: 973 daAuts
     D:1: 796 daAuts
    D:10: 772 daAuts
     D:4: 730 daAuts
     D:6: 664 daAuts
     D:3: 603 daAuts
     D:9: 525 daAuts
  Bailey: 463 daAuts
    D:13: 175 daAuts
    D:11: 35 daAuts
    D:12: 25 daAuts
  Temple: 1 daAuts
